 Dungeon Crawl Stone Soup version 0.22-a0-373-gab1296c (webtiles) character file.

242 Serpenta the Slasher (level 5, -1/41 HPs)
             Began as a Mummy Chaos Knight on Apr 25, 2018.
             Slain by a shadow imp (3 damage)
             ... summoned by Eustachio
             ... on level 3 of the Dungeon.
             The game lasted 00:06:08 (3103 turns).

Serpenta the Slasher (Mummy Chaos Knight)           Turns: 3103, Time: 00:06:09

Health: -1/41      AC: 11    Str: 17      XL:     5   Next: 82%
Magic:  5/5        EV:  5    Int: 11      God:    Xom [....*.]
Gold:   217        SH:  0    Dex:  8 (11) Spells: 4/4 levels left

rFire    . . .     SeeInvis .   a - +1 falchion (chaos)
rCold    + + .     Gourm    .   (no shield)
rNeg     + + +     Faith    .   f - -1 plate armour (curse)
rPois    ∞         Spirit   .   i - +0 helmet
rElec    .         Reflect  .   k - scarf {rC+ rF+} {god gift}
rCorr    .         Harm     .   l - +0 pair of gloves
MR       .....                  (no boots)
Stlth    ..........             (no amulet)
HPRegen  0.13/turn              (no ring)
MPRegen  0.09/turn              (no ring)

@: no status effects
A: no food or potions, fire vulnerability, cold resistance 1, negative energy
resistance 3, torment resistance, unbreathing
a: Renounce Religion


You were on level 3 of the Dungeon.
You worshipped Xom.
You were a beloved toy of Xom.
You were not hungry.

You visited 1 branch of the dungeon, and saw 4 of its levels.

You collected 217 gold pieces.


Innate Abilities, Weirdness & Mutations

You do not eat or drink.
Your flesh is vulnerable to fire.
You are immune to poison.
Your flesh is cold resistant. (rC+)
You are immune to negative energy. (rN+++)
You are immune to unholy pain and torment.
You can survive without breathing.


   Skills:
 - Level 3.0 Fighting
 + Level 5.5 Long Blades
 - Level 1.5 Armour
 - Level 0.7 Dodging
 + Level 0.0 Evocations


You had 4 spell levels left.
You didn't know any spells.

Action                   |  1- 3 |  4- 6 || total
-------------------------+-------+-------++-------
Melee: Falchion          |   144 |   166 ||   310
Evoke: Wand              |       |     2 ||     2
  Use: Scroll            |     3 |     2 ||     5
 Stab: Sleeping          |     1 |       ||     1
       Distracted        |       |     1 ||     1
Armor: Leather armour    |    28 |       ||    28
       Plate armour      |    70 |   217 ||   287
Dodge: Dodged            |    50 |    62 ||   112
       Rpst.: Falchion   |    15 |    10 ||    25

Inventory:

Hand Weapons
 a - a +1 falchion of chaos (weapon)
Armour
 f - a cursed -1 plate armour (worn)
 i - a +0 helmet (worn)
 k - a scarf of resistance (worn) {god gift}
 l - a +0 pair of gloves (worn)
Wands
 g - a wand of disintegration (17)
Scrolls
 b - a scroll of fear
 c - a scroll of teleportation
 d - 3 scrolls of remove curse
 e - a scroll of enchant weapon
 h - a scroll of blinking

....# #.#.## ....# #.##.##
....##############.)##.####
....................#.##.>#
##############......#.###)#
#........# #.# ####
#......### #(# ...#
#......# #.# ...#
#####..@...# #(#
...#######..!....5#(# #(#
......).........r.#.# #(#
...#######.....r..#.# #.#
...# #........#.#####.#
#### ##......##.#.....#
#........%#.######
#.........'.##...#
#.........####.#.######


You could see a shadow imp, a quokka and a rat.

Vanquished Creatures
  An ice beast (D:3)
  Robin (D:3)
  6 adders
  3 worms
  2 dart slugs
  A leopard gecko (D:2)
  2 giant cockroaches (D:1)
  18 goblins
  3 hobgoblins
  6 jackals
  10 kobolds
  A quokka (D:2)
  9 bats
  6 frilled lizards
  8 rats
77 creatures vanquished.

Vault maps used:
D:1:      wheals_arrival_linesprint, hangedman_decor_diamond_cutter
D:2:      first_ration, minivault_11, ashenzari_altar_1
D:3:      chequers_ecumenical_altar_twisty, uniq_robin
D:4:      lemuel_zombie_altar_yredelemnul, nicolae_overflow_hidden_temple,
          minitemple, uniq_sigmund, uniq_eustachio


Message History

You start resting.
Something hits you but does no damage.
You hear some strange, mumbled words.
Something hits you but does no damage.
You miss something. Something hits you but does no damage.
You hear some strange, mumbled words. x2
The quokka bites you but does no damage.
The rat barely misses you. Something hits you but does no damage.
The rat bites you but does no damage. Something hits you.
* * * LOW HITPOINT WARNING * * *
Something hits you but does no damage. Something hits you.
* * * LOW HITPOINT WARNING * * *
You hear some strange, mumbled words.
Something hits you but does no damage. x2
Something hits you but does no damage.
You see here a ration.
You hear some strange, mumbled words.
The shadow imp hits you.
You die...

Notes
Turn   | Place    | Note
-------+----------+-------------------------------------------
     0 | D:1      | Serpenta the Mummy Chaos Knight began the quest for the Orb.
     0 | D:1      | Reached XP level 1. HP: 18/18 MP: 1/1
   232 | D:1      | Reached XP level 2. HP: 24/24 MP: 2/2
   298 | D:1      | Reached skill level 3 in Long Blades
  1004 | D:1      | Reached XP level 3. HP: 29/29 MP: 3/3
  1175 | D:1      | XOM: cloud trail
  1322 | D:1      | XOM: 4-stop teleportation journey
  1337 | D:1      | XOM: god gift: club {god gift}
  1406 | D:2      | Identified Xom's Tome of the Mutiny {god gift} (Xom gifted it to you on level 2 of the Dungeon)
  1406 | D:2      | XOM: god gift: Xom's Tome of the Mutiny {god gift}
  1514 | D:2      | Reached skill level 4 in Long Blades
  1564 | D:2      | XOM: scenery: 1 doors open, 1 doors close
  1640 | D:2      | Reached XP level 4. HP: 35/35 MP: 4/4
  1671 | D:2      | Found a shattered altar of Ashenzari.
  2221 | D:3      | XOM: scenery: 1 doors open
  2267 | D:3      | Found a faded altar of an unknown god.
  2297 | D:3      | Noticed Robin
  2351 | D:3      | Killed Robin
  2565 | D:3      | Reached XP level 5. HP: 39/41 MP: 5/5
  2593 | D:3      | Noticed an ice beast
  2609 | D:2      | XOM: scenery: create altars
  2618 | D:2      | XOM: god gift: 5 needles of sleeping {god gift}
  2793 | D:3      | XOM: summons friendly shadow imp
  2807 | D:3      | Killed an ice beast
  2807 | D:3      | Reached skill level 5 in Long Blades
  2846 | D:3      | XOM: god gift: embroidered scarf {god gift}
  2885 | D:3      | XOM is BORED!
  2885 | D:3      | XOM: mild Summ miscast
  2983 | D:4      | Noticed Sigmund
  2988 | D:4      | Noticed an ogre
  3053 | D:4      | Noticed Eustachio
  3054 | D:4      | XOM: summons 5 friendly demons
  3098 | D:3      | HP: 2/41 [something (4)]
  3103 | D:3      | Slain by a shadow imp
